 Dungeon Crawl Stone Soup version 0.28-a0-834-g1a73be5ee4 (webtiles) character file.

Game seed: 17605493756987517683

163 horus123 the Grave Robber (level 5, -4/28 HPs)
             Began as a Deep Elf Necromancer on Nov 12, 2021.
             Killed from afar by Natasha (7 damage)
             ... with a magic dart
             ... on level 3 of the Dungeon.
             The game lasted 00:05:27 (3641 turns).

horus123 the Grave Robber (Deep Elf Necromancer)    Turns: 3641, Time: 00:05:28

Health: -4/28      AC:  2    Str:  5    XL:     5   Next: 20%
Magic:  8/14       EV: 12    Int: 21    God:
Gold:   68         SH:  0    Dex: 15    Spells: 4/13 levels left

rFire   . . .      SeeInvis .   b - +1 dagger (venom)
rCold   . . .      Faith    .   (no shield)
rNeg    . . .      Spirit   .   a - +0 robe
rPois   .          Reflect  .   (no helmet)
rElec   .          Harm     .   (no cloak)
rCorr   .          Rampage  .   (no gloves)
Will    .....                   (no boots)
Stlth   ++........              (no amulet)
HPRegen 0.09/turn               d - ring of flight
MPRegen 0.14/turn               (no ring)

@: flying
A: no striking features
a: no special abilities


You were on level 3 of the Dungeon.
You visited 1 branch of the dungeon, and saw 3 of its levels.

You collected 68 gold pieces.

Inventory:

Hand Weapons
 b - a +1 dagger of venom (weapon)
Armour
 a - a +0 robe (worn)
Jewellery
 d - a ring of flight (left hand)
Scrolls
 h - 3 scrolls of identify
Potions
 c - a potion of lignification
 e - a potion of berserk rage {unknown}
 f - a potion of heal wounds {unknown}
 g - a potion of cancellation {unknown}
 i - a potion of resistance {unknown}


   Skills:
 + Level 0.3 Fighting
 + Level 0.1 Short Blades
 + Level 2.5 Dodging
 + Level 3.4 Stealth
 + Level 4.9 Spellcasting
 + Level 6.4 Necromancy


You had 4 spell levels left.
You knew the following spells:

 Your Spells              Type           Power      Damage    Failure   Level
a - Pain                  Necr           100%       1d9       1%          1
b - Animate Skeleton      Necr           64%        N/A       1%          1
c - Vampiric Draining     Necr           32%        2d8       2%          3
d - Animate Dead          Necr           16%        N/A       8%          4

Your spell library contained the following spells:

 Spells                   Type           Power      Damage    Failure   Level
 Agony                    Necr           32%        N/A       22%         5


Dungeon Overview and Level Annotations

Branches:
Dungeon (3/15)

Altars:

Annotations:
D:3 Natasha


Message History

Aiming: Pain (safe; 1% risk of failure)
Press: ? - help, Q - select action, (/) - cycle Shift-Dir - straight line, f - you, p - bullfrog skeleton That beam is likely to hit you.
Continue anyway? [Y]es or [N]o only, please.
That beam is likely to hit you.
Continue anyway? [Y]es or [N]o only, please.
That beam is likely to hit you.
Continue anyway?
Okay, then.
The ball python hisses angrily.
You hit the bullfrog skeleton.
The bullfrog skeleton is lightly damaged.
Natasha stares at you and mumbles some strange words.
The magic dart hits you!
The bullfrog skeleton closely misses you.
Aiming: Pain (safe; 1% risk of failure)
Press: ? - help, Q - select action, (/) - cycle Shift-Dir - straight line, f - rat
Aim: a rat (chance to affect: 93%)
The rat writhes in agony.
The bullfrog skeleton hits you. The rat bites you.
Aiming: Pain (safe; 1% risk of failure)
Press: ? - help, Q - select action, (/) - cycle Shift-Dir - straight line, f/p - rat
Aim: a rat (chance to affect: 93%)
The rat writhes in agony.
You kill the rat!
The bullfrog skeleton hits you.
* * * LOW HITPOINT WARNING * * *
The bullfrog skeleton hits you but does no damage.
Aiming: Pain (safe; 1% risk of failure)
Press: ? - help, Q - select action, (/) - cycle Shift-Dir - straight line, f - Natasha
Aim: Natasha (chance to affect: 84%) Natasha writhes in agony!
The bullfrog skeleton barely misses you.
Aiming: Pain (safe; 1% risk of failure)
Press: ? - help, Q - select action, (/) - cycle Shift-Dir - straight line, f/p - Natasha
Aim: Natasha (heavily wounded, chance to affect: 84%) Natasha writhes in agony.
The bullfrog skeleton barely misses you.
Natasha stares at you and mumbles some strange words.
The magic dart hits you!
You die...

. ...# #.#'### .
##### #...#.. ...
. ##..#.# ...
#..#.# ....
######..#.####...
.................
#######......## #
............##.###
######....@......#
..$..$..Z†.....#
####....S.h....#
##..(.......#
#..)...)...#
##.........#
..[.......#
......#.....
......)#.....


You could see Natasha, a ball python and a bullfrog skeleton.

Vanquished Creatures
  A scorpion (D:3)
  A hound (D:3)
  2 adders (D:2)
  A worm (D:2)
  A dart slug (D:2)
  3 ball pythons (D:2)
  5 endoplasms
  A giant cockroach (D:1)
  2 hobgoblins
  3 jackals (D:1)
  A quokka (D:2)
  2 frilled lizards
  7 goblins
  8 kobolds
  9 rats
47 creatures vanquished.

Notes
Turn   | Place    | Note
-------+----------+-------------------------------------------
     0 | D:1      | horus123 the Deep Elf Necromancer began the quest for the
                  | Orb.
     0 | D:1      | Reached XP level 1. HP: 10/10 MP: 6/6
     8 | D:1      | Learned a level 1 spell: Animate Skeleton
   263 | D:1      | Found a faded altar of an unknown god.
   289 | D:1      | Reached skill level 5 in Necromancy
   718 | D:1      | Reached XP level 2. HP: 3/15 MP: 0/8
  1787 | D:2      | Reached XP level 3. HP: 19/19 MP: 10/10
  1791 | D:2      | Learned a level 3 spell: Vampiric Draining
  3246 | D:3      | Reached XP level 4. HP: 22/24 MP: 9/12
  3251 | D:3      | Learned a level 4 spell: Animate Dead
  3289 | D:3      | Reached skill level 6 in Necromancy
  3377 | D:3      | Noticed a scorpion
  3384 | D:3      | Killed a scorpion
  3385 | D:3      | Reached XP level 5. HP: 6/28 MP: 5/14
  3634 | D:3      | Noticed Natasha
  3641 | D:3      | Killed from afar by Natasha

Illustrated notes

Levels and vault maps discovered:
D:1:      amcnicky_arrival_wind_blow, layout_basic,
          hellmonk_ecumenical_altar_inner_sanctum
D:2:      layout_basic, chequers_jeans, minmay_pentomino_pile
D:3:      layout_basic, uniq_natasha

Skill      XL: |  1  2  3  4 |
---------------+-------------+-----
Necromancy     | 5 6 |  6.4
Spellcasting   | 4 |  4.9
Stealth        | 3 |  3.4
Fighting       | |  0.3
Short Blades   | |  0.1
Dodging        | |  2.5

Action                   |  1- 3 |  4- 6 || total
-------------------------+-------+-------++-------
Melee: Dagger            |    19 |     5 ||    24
 Cast: Pain              |    60 |    15 ||    75
       Animate Skeleton  |     6 |       ||     6
  Use: Scroll            |     3 |       ||     3
 Stab: Distracted        |     1 |       ||     1
       Sleeping          |     6 |     2 ||     8
Armor: Robe              |     3 |     1 ||     4
Dodge: Dodged            |    22 |     6 ||    28

Table legend: (Time is in decaauts)
 A = Elapsed time spent in this place.
 B = Non-inter-level travel time spent in this place.
 C = Inter-level travel time spent in this place.
 D = Time resting spent in this place.
 E = Time spent auto-exploring this place.
 F = Levels seen in this place.
 G = Mean time per level.
                   A        B        C        D        E       F      G
               +--------+--------+--------+--------+--------+-----+--------+
         Total |   3639 |   3565 |     74 |    728 |   2506 |   3 | 1213.0 |
       Dungeon |   3639 |   3565 |     74 |    728 |   2506 |   3 | 1213.0 |
               +--------+--------+--------+--------+--------+-----+--------+

Top non-repeatable levels by time:
     D:2: 1730 daAuts
     D:1: 1510 daAuts
     D:3: 398 daAuts
